 Dungeon Crawl Stone Soup version 0.17-a0-1567-gdd419b1 (webtiles) character file.

28 beeflord the Stinger (level 3, 0/19 HPs)
             Began as a Gargoyle Venom Mage on July 22, 2015.
             Slain by Sigmund
             ... wielding a +0 scythe
              (5 damage)
             ... on level 2 of the Dungeon.
             The game lasted 00:16:03 (2541 turns).

beeflord the Stinger (Gargoyle Venom Mage)          Turns: 2541, Time: 00:16:03

Health: 0/19       AC:  6    Str: 11    XL:     3   Next: 14%
Magic:  6/6        EV: 12    Int: 16    God:
Gold:   96         SH:  0    Dex: 10    Spells: 1 memorised, 6 levels left

rFire  . . .     SeeInvis .     g - +2 short sword (speed)
rCold  . . .     Clarity  .     o - +0 robe
rNeg   + . .     SustAt   .     (no shield)
rPois  ∞         Gourm    .     (no helmet)
rElec  +         Spirit   .     (no cloak)
rCorr  .         Warding  .     (no gloves)
rMut   .         Stasis   .     k - +0 pair of boots
MR     .....                    (no amulet)
Stlth  +.........               (no ring)
                                (no ring)

@: confused, not resistant to hostile enchantments, very unstealthy
A: negative energy resistance 1, electricity resistance, unbreathing,
petrification resistance, rot immunity, AC +3
a: no special abilities


You were on level 2 of the Dungeon.
You were not hungry.

You visited 1 branch of the dungeon, and saw 2 of its levels.

You collected 96 gold pieces.

Inventory:

Hand weapons
 e - a +0 dagger
 g - a +2 short sword of speed (weapon)
 n - a +0 hunting sling
Missiles
 r - 11 poisoned needles
Armour
 a - a +0 robe
 k - a +0 pair of boots (worn)
 o - a +0 robe (worn)
 q - a +0 buckler
Jewellery
 p - an uncursed ring of protection from cold {unknown}
Scrolls
 d - 2 scrolls of teleportation {unknown}
 f - a scroll of immolation {unknown}
 h - a scroll of enchant armour {unknown}
 i - 4 scrolls of enchant weapon {unknown}
 l - 3 scrolls of fog {unknown}
 m - a scroll of identify {unknown}
Potions
 s - a potion of cancellation {unknown}
Books
 b - a Young Poisoner's Handbook

   Spells                             Type                      Level
   a - Sting                          Conjuration/Poison           1
   b - Cure Poison                    Poison                       2
   c - Mephitic Cloud                 Conjuration/Poison/Air       3
   d - Olgreb's Toxic Radiance        Poison                       4
   e - Venom Bolt                     Conjuration/Poison           5
Comestibles
 c - a bread ration
 j - 2 meat rations
 t - a beef jerky
 u - 2 chunks of flesh


   Skills:
 - Level 1.5 Dodging
 - Level 2.1 Stealth
 + Level 2.5 Spellcasting
 * Level 4.6 Poison Magic


You had 6 spell levels left.
You knew the following spells:

 Your Spells              Type           Power        Failure   Level  Hunger
a - Sting                 Conj/Pois      #...         10%         1    #......


Dungeon Overview and Level Annotations

Branches:
Dungeon (2/15)

Altars:
Cheibriados

Annotations:
D:2 Sigmund


Innate Abilities, Weirdness & Mutations

You are resistant to torment.
Your stone body is resilient (AC +3).
You are immune to poison.
You resist negative energy.
You are resistant to electric shocks.
You can survive without breathing.
You are immune to petrification.
You are immune to rotting.


Message History

The orc is severely wounded.
The orc misses you.
You bump into the rock wall.
You feel less confused.
You hit the orc.
You kill the orc!
Casting: Sting
Confirm with . or Enter, or press ? or * to list all spells.
You can't see any susceptible monsters within range! (Use Z to cast anyway.) Unknown command.
A puff of flame appears from out of thin air!
The puff of flame hits you!
Ouch! That really hurt!
* * * LOW HITPOINT WARNING * * *
You hear some strange, mumbled words.
You are confused.
You hear some strange, mumbled words.
You are more confused.
Something hits you.
You die...

....### #....#
#....(#.......#
......# #....#
#.#........#..#
##....# #....#
#.########.#..# #....#
#....# #.....#<...#..#
#....########..#
#.###.######..#
#....'......##.###.#
#.#.......#
#....######.##..##.#
#......)... #....#
#.###.##.#####.####...
#....# #.#
#@.........# #...
#....# #.#
#..#.####### #...
###### #.# #..#.# #...
####.####.#.# #...
#...........# #...
####...........######
####
#..............##...#
######
#.....#'####'#.##...#
#....# #.....#.#
#...>##...# #....#


There were no monsters in sight!

Vanquished Creatures
  A worm (D:2)
  A giant gecko (D:1)
  An orc (D:2)
  2 hobgoblins
  2 kobolds (D:1)
  2 quokkas (D:2)
  3 bats (D:1)
  2 giant cockroaches (D:2)
  4 giant newts
  2 goblins (D:1)
  4 rats
24 creatures vanquished.

Notes
Turn   | Place    | Note
--------------------------------------------------------------
     0 | D:1      | beeflord the Gargoyle Venom Mage began the quest for the Orb.
     0 | D:1      | Reached XP level 1. HP: 10/10 MP: 3/3
   521 | D:1      | Reached XP level 2. HP: 15/15 MP: 5/5
   903 | D:2      | Found a snail-covered altar of Cheibriados.
  1138 | D:2      | Noticed Sigmund
  2001 | D:2      | Reached XP level 3. HP: 19/19 MP: 4/6
  2541 | D:2      | Slain by Sigmund

Vault maps used:
D:1:      lemuel_arrival_river_ford, kennysheep_nondescript,
          nrook_mini_backslash, minmay_hedge_maze, serial_park_tiny_1,
          minmay_fountain_box
D:2:      cheibriados_altar_1, uniq_sigmund, uniq_iyjb

Action                   || total
-------------------------++-------
Melee: Dagger            ||     8
       Short sword       ||    39
       Unarmed           ||     3
 Cast: Sting             ||    34
 Stab: Sleeping          ||     1
  Eat: Chunk             ||     5
